[Event "Titled Tuesday Blitz March 14 Early 2023"]
[White "Rakhmatullaev, Almas"]
[Black "Makhnev, Denis"]
[WhiteFideId "14205793"]
[BlackFideId "13707647"]
[WhiteElo "2221"]
[BlackElo "2525"]
[Result "0-1"]
[Round "06"]
[TimeControl "180+2"]
[Date "2023.03.14"]
[WhiteClock "0:00:04"]
[BlackClock "0:00:13"]

1. e4 e5 2. Nf3 Nc6 3. Nc3 Nf6 4. d4 exd4 5. Nxd4 Bb4 6. Nxc6 bxc6 7. Qd4 Qe7 8. f3 c5 9. Qd3 d5 10. Bg5 dxe4 11. Bxf6 exd3+ 12. Bxe7 Kxe7 13. Bxd3 Be6 14. a3 Ba5 15. O-O Rab8 16. Rab1 f5 17. Rfd1 Rhd8 18. Kf2 c4 19. Be2 Bb6+ 20. Kf1 Bd4 21. Re1 Kf6 22. Nd1 g5 23. c3 Bc5 24. Rc1 Rd2 25. a4 h5 26. a5 h4 27. Ra1 h3 28. g3 Re8 29. Ra4 Bd5 30. Bxc4 Bc6 31. Rxe8 Bxe8 32. Ra2 Rxh2 33. b4 Rh1+ 34. Ke2 h2 35. Nf2 Bxf2 36. Kxf2 Rg1 37. Ke3 h1=Q 38. Kd4 Rd1+ 39. Kc5 Qg1+ 0-1


[Site "https://www.chess.com"]

[Event "Titled Tuesday Blitz March 14 Early 2023"]
[White "Cherniaiev, Tykhon"]
[Black "Talibov, Shiroghlan"]
[WhiteFideId "14182360"]
[BlackFideId "13429078"]
[WhiteElo "2450"]
[BlackElo "2218"]
[Result "1/2-1/2"]
[Round "06"]
[TimeControl "180+2"]
[Date "2023.03.14"]
[WhiteClock "0:00:35"]
[BlackClock "0:00:32"]

1. Nf3 c5 2. c4 g6 3. g3 Bg7 4. Bg2 Nc6 5. O-O e6 6. Nc3 Nge7 7. d4 cxd4 8. Nb5 O-O 9. Nbxd4 d5 10. cxd5 Nxd4 11. Nxd4 Nxd5 12. e4 Nb6 13. Nb3 Bd7 14. Qe2 Qe7 15. Be3 Rac8 16. Rac1 Na4 17. Rxc8 Rxc8 18. Rc1 Rxc1+ 19. Bxc1 Bc6 20. Be3 Nxb2 21. Nd4 Qa3 22. Nxc6 bxc6 23. Qc2 Qxa2 24. Qxc6 Bf8 25. Qa8 Qa1+ 26. Bf1 Qa3 27. Qxa7 Qxa7 28. Bxa7 Na4 29. Bd4 1/2-1/2


[Site "https://www.chess.com"]

[Event "Titled Tuesday Blitz March 14 Early 2023"]
[White "Ider, Borya"]
[Black "Atakhan, Abtin"]
[WhiteFideId "4901134"]
[BlackFideId "22502203"]
[WhiteElo "2512"]
[BlackElo "2008"]
[Result "1-0"]
[Round "06"]
[TimeControl "180+2"]
[Date "2023.03.14"]
[WhiteClock "0:00:50"]
[BlackClock "0:00:03"]

1. d4 Nf6 2. Nf3 g6 3. g3 Bg7 4. Bg2 O-O 5. O-O d5 6. Bf4 c6 7. Qc1 Bf5 8. c3 Re8 9. Nbd2 Qc8 10. Re1 Ne4 11. Nxe4 Bxe4 12. Bh6 Bf6 13. Qf4 Qf5 14. Qc7 Qd7 15. Qxd7 Nxd7 16. Bh3 Nb6 17. Nd2 Bf5 18. Bxf5 gxf5 19. Bf4 a5 20. a4 Nd7 21. Kg2 e6 22. e3 Be7 23. h3 Nf8 24. Kf3 Ng6 25. g4 fxg4+ 26. hxg4 Nxf4 27. exf4 Bd6 28. Rh1 Reb8 29. Rh5 b5 30. axb5 Rxb5 31. b3 a4 32. bxa4 Rb2 33. Nf1 Rc2 34. Ne3 Rxc3 35. f5 e5 36. f6 exd4 37. Rah1 Be5 38. Rxe5 dxe3 39. Rg5+ Kf8 40. Rxh7 exf2+ 41. Kxf2 Rc2+ 42. Kg3 Rc3+ 43. Kh4 1-0


[Site "https://www.chess.com"]

[Event "Titled Tuesday Blitz March 14 Early 2023"]
[White "Zhigalko, Sergei"]
[Black "Seo, Jung Min"]
[WhiteFideId "13502956"]
[BlackFideId "1734687"]
[WhiteElo "2626"]
[BlackElo "2468"]
[Result "1-0"]
[Round "06"]
[TimeControl "180+2"]
[Date "2023.03.14"]
[WhiteClock "0:00:05"]
[BlackClock "0:01:06"]

1. e4 e5 2. Nf3 Nc6 3. Bc4 Nf6 4. d3 h6 5. O-O Bc5 6. Nbd2 d6 7. c3 O-O 8. Bb3 a6 9. Re1 Ba7 10. Nf1 Re8 11. Be3 Bxe3 12. Nxe3 Be6 13. h3 Bxb3 14. Qxb3 Qd7 15. Rad1 b6 16. Nh4 Ne7 17. Qc2 Nc6 18. Nhf5 Kh7 19. d4 g6 20. Ng3 Qe7 21. Nd5 Qd8 22. a3 Nd7 23. f4 Ne7 24. dxe5 Nxd5 25. Rxd5 Qh4 26. Qf2 Nc5 27. exd6 cxd6 28. Rxd6 Rad8 29. Red1 Rxd6 30. Rxd6 b5 31. e5 Ne6 32. Rd7 Kg7 33. Nf5+ 1-0


[Site "https://www.chess.com"]

[Event "Titled Tuesday Blitz March 14 Early 2023"]
[White "Reprintsev, Alexander"]
[Black "Cornette, Matthieu"]
[WhiteFideId "14100541"]
[BlackFideId "620084"]
[WhiteElo "2229"]
[BlackElo "2478"]
[Result "1-0"]
[Round "06"]
[TimeControl "180+2"]
[Date "2023.03.14"]
[WhiteClock "0:01:04"]
[BlackClock "0:00:08"]

1. e4 Nf6 2. e5 Nd5 3. Nc3 c6 4. Nf3 d6 5. exd6 Qxd6 6. Nxd5 cxd5 7. Bb5+ Nc6 8. O-O Bg4 9. h3 Bh5 10. d4 e6 11. g4 Bg6 12. Ne5 f6 13. Nxc6 bxc6 14. Bd3 e5 15. dxe5 fxe5 16. Bxg6+ hxg6 17. Kg2 Be7 18. c4 Rb8 19. cxd5 cxd5 20. b3 Bf6 21. Bb2 e4 22. Bxf6 gxf6 23. Rc1 Rd8 24. Qd4 Qf4 25. Rc3 Kf7 26. Qxa7+ Kg8 27. Qe7 Rf8 28. Re1 Qe5 29. Qxe5 fxe5 30. Rc5 Rf3 31. Rxd5 Kg7 32. Rxe4 Rfxh3 33. Rexe5 Rh2+ 34. Kf1 Rf8 35. Rd2 Rh1+ 36. Ke2 Rf4 37. g5 Rf7 38. Kd3 Rh2 39. Kc4 Rh4+ 40. Kc3 Rc7+ 41. Kb2 Rh1 42. Red5 Kf8 43. Rd7 Rcc1 44. Rd8+ Ke7 45. R8d3 Rb1+ 46. Ka3 Rbg1 47. Re3+ Kf7 48. Rd7+ Kf8 49. Rc3 Re1 50. Rc8+ Re8 51. Rxe8+ Kxe8 52. Rg7 1-0


[Site "https://www.chess.com"]

[Event "Titled Tuesday Blitz March 14 Early 2023"]
[White "Xiong, Jeffery"]
[Black "Csonka, Balazs"]
[WhiteFideId "2047640"]
[BlackFideId "742910"]
[WhiteElo "2726"]
[BlackElo "2404"]
[Result "1-0"]
[Round "06"]
[TimeControl "180+2"]
[Date "2023.03.14"]
[WhiteClock "0:01:52"]
[BlackClock "0:00:03"]

1. d4 Nf6 2. Nf3 e6 3. Bf4 d5 4. e3 Bd6 5. Nbd2 O-O 6. Bd3 b6 7. Qe2 Bb7 8. Ne5 c5 9. c3 Nc6 10. Nxc6 Bxc6 11. Bxd6 Qxd6 12. f4 c4 13. Bc2 b5 14. b3 a5 15. O-O Rac8 16. Rfc1 Bb7 17. a4 cxb3 18. Nxb3 bxa4 19. Nc5 Bc6 20. Bxa4 Nd7 21. Nxd7 Qxd7 22. Bxc6 Rxc6 23. Rxa5 Rfc8 24. Ra3 g6 25. Qb2 Kg7 26. Rb3 R6c7 27. h3 h5 28. Kh2 Qe7 29. Qb1 Qf6 30. Qd3 Qf5 31. Qxf5 gxf5 32. Kg3 Kg6 33. Rc2 Rc6 34. Kf3 R8c7 35. Ke2 Rc8 36. Kd3 R6c7 37. Rb1 Kf6 38. Rg1 Rg8 39. c4 dxc4+ 40. Rxc4 Rxc4 41. Kxc4 Rc8+ 42. Kd3 Ra8 43. g4 hxg4 44. hxg4 fxg4 45. Rxg4 Ra3+ 46. Ke4 Ra4 47. Rg5 Ra3 48. Rb5 Rc3 49. f5 Ra3 50. Kf4 Ra4 51. Rb6 Ra5 52. e4 Ke7 53. e5 Ra4 54. f6+ Kd7 55. Rb7+ Ke8 56. Rb8+ Kd7 57. Rf8 Rxd4+ 58. Kg5 Re4 59. Rxf7+ Kd8 60. Ra7 Rxe5+ 61. Kg6 Rf5 62. f7 Rf1 63. Ra8+ Ke7 64. Re8+ Kd7 65. f8=Q Rxf8 66. Rxf8 1-0


[Site "https://www.chess.com"]

[Event "Titled Tuesday Blitz March 14 Early 2023"]
[White "Matinian, Nikita"]
[Black "Shimanov, Aleksandr"]
[WhiteFideId "24129100"]
[BlackFideId "4198603"]
[WhiteElo "2422"]
[BlackElo "2631"]
[Result "0-1"]
[Round "06"]
[TimeControl "180+2"]
[Date "2023.03.14"]
[WhiteClock "0:00:06"]
[BlackClock "0:00:05"]

1. e4 c6 2. d4 d5 3. e5 Bf5 4. Nf3 e6 5. Be2 c5 6. Be3 Qb6 7. Nc3 c4 8. Rb1 Bb4 9. O-O Qd8 10. g3 h6 11. Nh4 Bh7 12. f4 Ne7 13. Qd2 Nbc6 14. a3 Ba5 15. b4 cxb3 16. Rxb3 Rc8 17. Bd3 Bxd3 18. Qxd3 O-O 19. Nb5 Bc7 20. f5 Nxf5 21. Nxf5 exf5 22. Qxf5 Qe8 23. Bxh6 Qe6 24. Qxe6 fxe6 25. Rxf8+ Kxf8 26. Be3 a6 27. Nxc7 Rxc7 28. Rb6 Ke7 29. h4 Na5 30. c3 Kf7 31. Kf2 Rxc3 32. Bg5 Rxa3 33. h5 Rc3 34. g4 Rc2+ 35. Kg3 Rc6 36. Rb1 b5 37. Rf1+ Kg8 38. Be7 Rc8 39. g5 Nb3 40. Rf4 Nd2 41. g6 Ne4+ 42. Kg4 a5 43. h6 gxh6 44. Kh5 Ng3+ 45. Kxh6 Nf5+ 46. Kg5 Nxe7 47. Rf7 Nf5 48. Kf6 Rf8 49. Kxe6 Nxd4+ 50. Kf6 b4 51. e6 Nxe6 52. Kxe6 Rxf7 53. gxf7+ Kf8 54. Kxd5 b3 55. Kc4 b2 0-1


[Site "https://www.chess.com"]

[Event "Titled Tuesday Blitz March 14 Early 2023"]
[White "Daneshvar, Bardiya"]
[Black "Chen, Justin"]
[WhiteFideId "12576468"]
[BlackFideId "2098199"]
[WhiteElo "2468"]
[BlackElo "2289"]
[Result "1-0"]
[Round "06"]
[TimeControl "180+2"]
[Date "2023.03.14"]
[WhiteClock "0:01:23"]
[BlackClock "0:00:01"]

1. b4 e5 2. Bb2 Bxb4 3. Bxe5 Nf6 4. c3 Ba5 5. h3 O-O 6. e3 Re8 7. Bh2 d5 8. Nf3 c5 9. Be2 Nc6 10. O-O Bf5 11. Na3 Bc7 12. Bxc7 Qxc7 13. Qb3 a6 14. Qb2 b5 15. Nc2 Reb8 16. d4 c4 17. a4 Bxc2 18. Qxc2 b4 19. cxb4 Nxb4 20. Qf5 Qd6 21. a5 g6 22. Qb1 Ne4 23. Qc1 Nc6 24. Bd1 Rb5 25. Ba4 Rxa5 26. Bxc6 Rxa1 27. Qxa1 Qxc6 28. Ne5 Qc7 29. f3 Nd2 30. Rf2 Nb3 31. Qa4 a5 32. Qb5 Rd8 33. Rc2 Qd6 34. Qb7 Rf8 35. Qa7 h5 36. Kf2 Qb4 37. Nd7 Qd6 38. Nxf8 Kxf8 39. e4 dxe4 40. Rxc4 exf3 41. Qa8+ Kg7 42. Qxf3 Qa3 43. Qc3 Qa2+ 44. Ke3 Qb1 45. d5+ 1-0


[Site "https://www.chess.com"]

[Event "Titled Tuesday Blitz March 14 Early 2023"]
[White "Ibarra Jerez, Jose Carlos"]
[Black "Fiorito, Francisco"]
[WhiteFideId "2226332"]
[BlackFideId "180165"]
[WhiteElo "2638"]
[BlackElo "2341"]
[Result "1-0"]
[Round "06"]
[TimeControl "180+2"]
[Date "2023.03.14"]
[WhiteClock "0:01:08"]
[BlackClock "0:00:09"]

1. e4 c5 2. Nc3 Nc6 3. Nge2 g6 4. d4 cxd4 5. Nxd4 Bg7 6. Be3 Nf6 7. Bc4 O-O 8. Bb3 Re8 9. f3 e6 10. f4 Ng4 11. Qxg4 Nxd4 12. O-O-O Nxb3+ 13. axb3 d6 14. Kb1 a6 15. e5 d5 16. Ne4 Qe7 17. Bc5 Qc7 18. Bd6 Qc6 19. Ng5 Bd7 20. Nf3 Rac8 21. Nd4 Qb6 22. h4 Rc6 23. Nxc6 Qxc6 24. h5 Rc8 25. Rd2 Qb6 26. hxg6 fxg6 27. Qh4 h6 28. Rd3 Bb5 29. Rg3 Qf2 30. Rc3 Rxc3 31. Qxf2 1-0


[Site "https://www.chess.com"]

[Event "Titled Tuesday Blitz March 14 Early 2023"]
[White "Shuvalova, Polina"]
[Black "Salinas Herrera, Pablo"]
[WhiteFideId "24171760"]
[BlackFideId "3407128"]
[WhiteElo "2297"]
[BlackElo "2550"]
[Result "1-0"]
[Round "06"]
[TimeControl "180+2"]
[Date "2023.03.14"]
[WhiteClock "0:00:23"]
[BlackClock "0:00:01"]

1. d4 d5 2. Bf4 Nf6 3. Nf3 e6 4. e3 Bd6 5. Nbd2 O-O 6. Bd3 c5 7. c3 Bxf4 8. exf4 Qc7 9. g3 b6 10. Qe2 a5 11. a4 Ba6 12. Bxa6 Nxa6 13. O-O Nb8 14. Ne5 Nc6 15. Qb5 Ne7 16. Rfe1 Nf5 17. Qd3 Rab8 18. g4 Nd6 19. f3 b5 20. axb5 Rxb5 21. Ra2 Rfb8 22. b3 cxd4 23. Qxd4 Rc5 24. c4 Nb7 25. f5 exf5 26. g5 Nd7 27. cxd5 Nxe5 28. Rxe5 Nd6 29. Nc4 Nxc4 30. d6 Qd8 31. Rxc5 Qxg5+ 32. Kf2 Nb6 33. d7 Rd8 34. Rc7 Qh6 35. Qe5 1-0


[Site "https://www.chess.com"]

[Event "Titled Tuesday Blitz March 14 Early 2023"]
[White "Al-Tarboush, Ward"]
[Black "Yuan, Qingyu"]
[WhiteFideId "7601450"]
[BlackFideId "8609772"]
[WhiteElo "2257"]
[BlackElo "2359"]
[Result "1/2-1/2"]
[Round "06"]
[TimeControl "180+2"]
[Date "2023.03.14"]
[WhiteClock "0:00:08"]
[BlackClock "0:00:06"]

1. e4 e5 2. Nf3 Nc6 3. Bb5 Nf6 4. O-O Nxe4 5. d4 Nd6 6. Bxc6 dxc6 7. dxe5 Nf5 8. Qxd8+ Kxd8 9. Nc3 Ke8 10. h3 h5 11. Bg5 Be7 12. Bxe7 Kxe7 13. Rad1 Be6 14. Ne2 Rad8 15. Nf4 h4 16. Rfe1 Bd5 17. Ng5 Rhe8 18. b3 Be6 19. Nfxe6 fxe6 20. c3 Rd5 21. c4 Rdd8 22. Kf1 c5 23. Nf3 b6 24. Ke2 Rh8 25. Rxd8 Kxd8 26. Rd1+ Ke7 27. Kd3 Rh6 28. Nh2 Rh8 29. Ke4 a5 30. Ng4 a4 31. Ne3 Nh6 32. f4 g6 33. Rd2 axb3 34. axb3 Ra8 35. Rb2 Ra1 36. Rd2 Rb1 37. Rd3 Re1 38. Kf3 Nf5 39. Nxf5+ gxf5 40. g3 Rh1 41. Kg2 Re1 42. gxh4 Ra1 43. h5 Ra8 44. Rg3 Rh8 45. Rg5 Kf7 46. Kf3 Rh7 47. Ke3 Rh8 48. h4 Ra8 49. h6 Rh8 50. Rg7+ Ke8 51. Rg6 Kf7 52. Rg7+ Kf8 53. Rxc7 Rxh6 54. Rc6 Ke7 55. Rxb6 Rxh4 56. Rb7+ Kd8 57. Rb5 Rh3+ 58. Kf2 Kd7 59. Kg2 Rc3 60. Rb6 Rd3 61. Kf2 Rc3 62. Rd6+ Ke7 63. Rc6 Rxb3 64. Rxc5 Rc3 65. Rc7+ Kd8 66. Rc6 Kd7 67. Rc5 Ke7 68. Ke2 Kd7 69. Kf2 Ke7 1/2-1/2


[Site "https://www.chess.com"]

[Event "Titled Tuesday Blitz March 14 Early 2023"]
[White "Albornoz Cabrera, Carlos Daniel"]
[Black "Filgueira, Hernan"]
[WhiteFideId "3518736"]
[BlackFideId "101770"]
[WhiteElo "2501"]
[BlackElo "2363"]
[Result "1-0"]
[Round "06"]
[TimeControl "180+2"]
[Date "2023.03.14"]
[WhiteClock "0:00:22"]
[BlackClock "0:00:04"]

1. d4 d5 2. c4 e6 3. Nc3 c6 4. Nf3 Nf6 5. Bg5 Nbd7 6. e3 Qa5 7. cxd5 Nxd5 8. Qd2 h6 9. Bh4 Bb4 10. Rc1 b6 11. Bd3 Ba6 12. O-O Bxc3 13. bxc3 Bxd3 14. Qxd3 c5 15. e4 N5f6 16. e5 Nd5 17. c4 Nb4 18. Qe4 O-O 19. d5 exd5 20. cxd5 Qxa2 21. e6 fxe6 22. dxe6 Rae8 23. e7 Rf7 24. Rfe1 Qd5 25. Qg4 Qf5 26. Qxf5 Rxf5 27. Rcd1 Nf6 28. Rd8 Kf7 29. Ne5+ Rxe5 30. Rxe5 Nc6 31. Rxe8 Kxe8 32. Bxf6 gxf6 33. Re6 Nxe7 34. Rxf6 c4 35. Kf1 Kd7 36. Rxh6 Nd5 37. h4 b5 38. Rh7+ Kc6 39. Rh8 b4 40. h5 c3 41. Ke2 c2 42. Kd2 b3 43. Rb8 Nb6 44. h6 b2 45. Rxb6+ axb6 46. Kxc2 Kd6 47. h7 1-0


[Site "https://www.chess.com"]

[Event "Titled Tuesday Blitz March 14 Early 2023"]
[White "Melikyan, Gnel"]
[Black "Molina, Roberto Junio Brito"]
[WhiteFideId "54109990"]
[BlackFideId "2109450"]
[WhiteElo "2138"]
[BlackElo "2376"]
[Result "0-1"]
[Round "06"]
[TimeControl "180+2"]
[Date "2023.03.14"]
[WhiteClock "0:00:03"]
[BlackClock "0:00:20"]

1. c4 c6 2. Nc3 d5 3. e3 Nf6 4. Nf3 a6 5. b3 Bg4 6. Be2 e6 7. O-O Nbd7 8. Bb2 Bd6 9. h3 Bh5 10. Rc1 O-O 11. cxd5 exd5 12. Nd4 Bxe2 13. Ncxe2 Re8 14. Nf5 Bf8 15. Nf4 g6 16. Ng3 Bg7 17. Qc2 Qe7 18. Rfe1 Rad8 19. d3 Ne5 20. Red1 Qd6 21. Qc5 Qxc5 22. Rxc5 Nfd7 23. Rc2 f5 24. e4 Bh6 25. Bc1 fxe4 26. dxe4 Nf8 27. exd5 cxd5 28. Nxd5 Bxc1 29. Rcxc1 Kf7 30. Ne4 Nc6 31. Ng5+ Kg7 32. Ne3 h6 33. Rxd8 Rxd8 34. Ne4 Ne6 35. Kf1 Rd4 36. Rc4 Rd7 37. g3 Ned4 38. Nc5 Re7 39. b4 Nf3 40. Nb3 Rd7 41. Kg2 Ne1+ 42. Kf1 Nf3 43. a4 Rd3 44. b5 axb5 45. axb5 Rxb3 46. bxc6 Nd2+ 47. Ke2 Nxc4 48. Nxc4 bxc6 49. Ne5 c5 50. Nd3 c4 51. Ne5 Rb2+ 52. Ke3 c3 53. f4 Rg2 54. g4 c2 55. Nd3 Rg3+ 0-1


[Site "https://www.chess.com"]

[Event "Titled Tuesday Blitz March 14 Early 2023"]
[White "Narayanan, Srinath"]
[Black "Manukyan, Sargis A."]
[WhiteFideId "5018420"]
[BlackFideId "13303970"]
[WhiteElo "2438"]
[BlackElo "2187"]
[Result "1-0"]
[Round "06"]
[TimeControl "180+2"]
[Date "2023.03.14"]
[WhiteClock "0:00:23"]
[BlackClock "0:01:56"]

1. Nf3 d5 2. e3 e6 3. c4 Nf6 4. b3 Be7 5. Bb2 c5 6. cxd5 Qxd5 7. Nc3 Qd8 8. Rc1 Nc6 9. Bb5 Bd7 10. O-O Nb4 11. Be2 Bc6 12. d4 cxd4 13. Nxd4 O-O 14. a3 Nbd5 15. Nxc6 bxc6 16. Na4 Rb8 17. Rxc6 Ne4 18. Rc4 Bf6 19. Rxe4 Bxb2 20. Nxb2 Nc3 21. Qc2 Nxe4 22. Qxe4 Rxb3 23. Nc4 Qd5 24. Qf4 Rd8 25. Ne5 f6 26. Bc4 fxe5 27. Bxd5 Rxd5 28. Qa4 Rb8 29. Qxa7 Rbd8 30. h3 h5 31. a4 Kh7 32. Qb6 R8d7 33. Qxe6 R7d6 34. Qf5+ Kh6 35. g4 hxg4 36. hxg4 g6 37. Qf8+ Kg5 38. Kg2 Kxg4 39. f3+ Kg5 40. Qe7+ Kf5 41. e4+ Kf4 42. Qf8+ Ke3 43. Qh6+ Ke2 44. Rf2+ Kd3 45. Qd2+ Kc4 46. Qc2+ Kd4 47. Rd2+ Ke3 48. Re2+ Kf4 49. Qc1+ Rd2 50. Kf2 Kg5 51. Rxd2 Rxd2+ 52. Qxd2+ Kh5 53. Qd5 g5 54. a5 g4 55. f4 Kh4 56. f5 g3+ 57. Kg2 Kg4 58. Qxe5 Kh4 59. a6 Kh5 60. a7 Kh4 61. a8=Q Kg4 62. f6 Kh4 63. f7 Kg4 64. f8=B Kh4 65. Qed5 Kg4 66. e5 Kh4 67. e6 Kg4 68. e7 Kf4 69. e8=N Ke3 70. Nf6 Ke2 71. Qf3+ Kd2 72. Ne4+ Ke1 73. Bb4# 1-0


[Site "https://www.chess.com"]

[Event "Titled Tuesday Blitz March 14 Early 2023"]
[White "Turgut, Aydin"]
[Black "Smirnov, Pavel"]
[WhiteFideId "2078791"]
[BlackFideId "4123425"]
[WhiteElo "2259"]
[BlackElo "2519"]
[Result "0-1"]
[Round "06"]
[TimeControl "180+2"]
[Date "2023.03.14"]
[WhiteClock "0:00:04"]
[BlackClock "0:00:04"]

1. e4 e5 2. Nf3 Nc6 3. Bc4 Nf6 4. Ng5 d5 5. exd5 Na5 6. Bb5+ c6 7. dxc6 bxc6 8. Bd3 Nd5 9. Nf3 Bd6 10. O-O O-O 11. Re1 Bg4 12. Nc3 f5 13. Be2 e4 14. Nd4 Bxe2 15. Ncxe2 Qh4 16. g3 Qh3 17. d3 Rae8 18. dxe4 Nf6 19. e5 Bxe5 20. Nf3 Rd8 21. Bd2 Bxb2 22. Rb1 Nc4 23. Nf4 Qh6 24. Rxb2 Ne4 25. Rb7 Ncxd2 26. Nd3 Nxf3+ 27. Qxf3 Qd2 28. Re2 Qd1+ 29. Ne1 Rd2 30. Rxd2 Qxe1+ 31. Kg2 Nxd2 32. Qd3 Qe4+ 33. f3 Qxd3 34. cxd3 Rd8 35. Rxa7 Rxd3 36. Rc7 Nxf3 37. Rxc6 Nd4 38. Rd6 Rd2+ 39. Kh3 g5 40. a4 g4+ 41. Kh4 Nf3+ 42. Kh5 Rxd6 43. a5 Kg7 44. a6 Rh6# 0-1


[Site "https://www.chess.com"]

[Event "Titled Tuesday Blitz March 14 Early 2023"]
[White "Nurmanova, Alua"]
[Black "EREBUNI91"]
[WhiteFideId "13729390"]
[WhiteElo "2253"]
[BlackElo "2757"]
[Result "0-1"]
[Round "06"]
[TimeControl "180+2"]
[Date "2023.03.14"]
[WhiteClock "0:00:01"]
[BlackClock "0:01:16"]

1. e4 c5 2. Nf3 d6 3. d4 cxd4 4. Nxd4 Nf6 5. Nc3 a6 6. Bg5 Nbd7 7. Qe2 h6 8. Bh4 g6 9. f4 e5 10. Nf3 Qc7 11. O-O-O b5 12. fxe5 dxe5 13. Nd5 Nxd5 14. exd5 Bd6 15. Nd2 f5 16. g4 Nc5 17. Bh3 f4 18. Ne4 Nxe4 19. Qxe4 Kf7 20. Bf2 Bb7 21. Rhg1 Rac8 22. g5 Qc4 23. Be6+ Kg7 24. Rd4 Qxa2 25. Bxc8 Bxc8 26. Rdd1 Bf5 27. gxh6+ Kh7 28. Qf3 Rc8 29. c3 Qa1+ 30. Kd2 Qxb2+ 31. Ke1 Rxc3 32. Qe2 Rc2 33. Qf3 e4 0-1


[Site "https://www.chess.com"]

[Event "Titled Tuesday Blitz March 14 Early 2023"]
[White "Aradhya, Garg"]
[Black "Bews, Steven"]
[WhiteFideId "25006746"]
[BlackFideId "2400529"]
[WhiteElo "2263"]
[BlackElo "2594"]
[Result "0-1"]
[Round "06"]
[TimeControl "180+2"]
[Date "2023.03.14"]
[WhiteClock "0:01:48"]
[BlackClock "0:01:54"]

1. d4 Nf6 2. c4 e6 3. Nf3 Bb4+ 4. Nbd2 b6 5. a3 Bxd2+ 6. Qxd2 Bb7 7. e3 d6 8. Bd3 Nbd7 9. O-O O-O 10. Qc2 e5 11. dxe5 dxe5 12. Ng5 h6 13. Ne4 Qe7 14. b4 Rad8 15. Bb2 c5 16. b5 Nxe4 17. Bxe4 Bxe4 18. Qxe4 Rfe8 19. Qb7 Qe6 20. Rfc1 Nf6 21. Qxa7 Ne4 22. Bc3 Qxc4 23. Bxe5 Qe2 24. Bg3 Rd2 25. Re1 Qxb5 26. a4 Qb4 27. Rab1 Rb2 28. Rxb2 Qxe1# 0-1


[Site "https://www.chess.com"]

[Event "Titled Tuesday Blitz March 14 Early 2023"]
[White "Domingo Nunez, Alejandro"]
[Black "Rohith Krishna S"]
[WhiteFideId "22245561"]
[BlackFideId "46617051"]
[WhiteElo "2230"]
[BlackElo "2270"]
[Result "0-1"]
[Round "06"]
[TimeControl "180+2"]
[Date "2023.03.14"]
[WhiteClock "0:00:02"]
[BlackClock "0:00:17"]

1. e4 e5 2. Nf3 Nc6 3. Bc4 Bc5 4. c3 Nf6 5. d3 O-O 6. O-O d6 7. h3 a5 8. Re1 h6 9. Bb5 Bb6 10. d4 Bd7 11. Be3 exd4 12. cxd4 Re8 13. Bd3 Nb4 14. Nc3 Nxd3 15. Qxd3 Nxe4 16. Nxe4 Bf5 17. Bf4 d5 18. Ne5 dxe4 19. Qg3 Bxd4 20. Rad1 c5 21. Nc4 Qf6 22. Nd6 Re6 23. Nxb7 Bh7 24. Bd6 Qf5 25. Bf4 Rg6 26. Qh2 Rf6 27. Be3 Bxe3 28. fxe3 Qf2+ 29. Kh1 Qxb2 30. Nxc5 Bg6 31. Nd7 Re6 32. Nc5 Rc6 33. Nd7 Re8 34. Ne5 Qxe5 0-1


[Site "https://www.chess.com"]

[Event "Titled Tuesday Blitz March 14 Early 2023"]
[White "Ahn, Hongjin"]
[Black "Tanenbaum, Zachary"]
[WhiteFideId "13201492"]
[BlackFideId "2060850"]
[WhiteElo "2182"]
[BlackElo "2175"]
[Result "0-1"]
[Round "06"]
[TimeControl "180+2"]
[Date "2023.03.14"]
[WhiteClock "0:00:10"]
[BlackClock "0:00:25"]

1. c4 e5 2. Nf3 Nc6 3. Nc3 Nf6 4. e4 Bb4 5. d3 d6 6. g3 O-O 7. Bg2 Bg4 8. O-O Nd4 9. Be3 Bc5 10. Na4 Nxf3+ 11. Bxf3 Bxe3 12. fxe3 Bh3 13. Bg2 Qd7 14. Nc3 c6 15. Qe2 Rad8 16. Rf2 Bxg2 17. Kxg2 Ng4 18. Rf5 Nh6 19. Rf2 f5 20. Raf1 Rf7 21. Kg1 Rdf8 22. exf5 Rxf5 23. Ne4 d5 24. cxd5 cxd5 25. Nc5 Qb5 26. Nb3 Qa4 27. Rxf5 Nxf5 28. Qf3 e4 29. dxe4 Qxe4 30. g4 Qxe3+ 31. Qxe3 Nxe3 32. Rxf8+ Kxf8 33. h3 Nc4 34. Nc5 b6 35. Ne6+ Kf7 36. Nf4 d4 37. b3 Ne5 38. Kf2 g5 39. Ng2 Ke6 40. Ke2 Kd5 41. Ne1 Ke4 42. Kd2 Nf3+ 43. Nxf3 Kxf3 44. b4 Kg3 45. Kd3 Kxh3 46. Kxd4 Kxg4 47. Kd5 h5 48. Kc6 h4 49. Kb7 h3 50. Kxa7 b5 51. Kb6 h2 52. Kxb5 h1=Q 53. a4 Qb7+ 54. Kc5 Kf4 55. b5 Qa7+ 56. Kb4 Qd4+ 57. Ka5 Ke5 58. b6 Kd6 59. b7 Kc7 60. b8=Q+ Kxb8 0-1


[Site "https://www.chess.com"]

[Event "Titled Tuesday Blitz March 14 Early 2023"]
[White "De Silva, L M S T"]
[Black "Garv Gaur"]
[WhiteFideId "9953698"]
[BlackFideId "45030839"]
[WhiteElo "2403"]
[BlackElo "2068"]
[Result "0-1"]
[Round "06"]
[TimeControl "180+2"]
[Date "2023.03.14"]
[WhiteClock "0:00:08"]
[BlackClock "0:00:21"]

1. e4 c6 2. d4 d5 3. e5 Bf5 4. Nd2 e6 5. Nb3 c5 6. dxc5 Bxc5 7. Nxc5 Qa5+ 8. c3 Qxc5 9. Be3 Qc7 10. f4 Ne7 11. Nf3 Nbc6 12. Be2 O-O 13. O-O Rfd8 14. Nd4 Be4 15. Nb5 Qd7 16. Nd6 Nf5 17. Nxf5 Bxf5 18. g4 Be4 19. Qd2 d4 20. Rfd1 d3 21. Qe1 Qe7 22. Bf1 Bf3 23. Rxd3 Bxg4 24. Qf2 Bf5 25. Bc5 Qe8 26. Rd6 f6 27. exf6 gxf6 28. Rad1 Qg6+ 29. Qg3 a6 30. Bg2 Rxd6 31. Rxd6 Rd8 32. Rxd8+ Nxd8 33. Be7 Nc6 34. Bxf6 Kf7 35. Be5 Nxe5 36. fxe5 Qh5 37. Bf3 Qh6 38. Qf2 Qc1+ 39. Kg2 Qg5+ 40. Kh1 Qc1+ 41. Qg1 Qxb2 42. Bh5+ Kf8 43. Qc5+ Kg7 44. Qe7+ Kh6 45. Qh4 Qc1+ 46. Kg2 Qg5+ 47. Qxg5+ Kxg5 48. Bf3 b6 49. Bb7 a5 50. Kf3 Bb1 51. Be4 Bxa2 52. Bxh7 Bd5+ 53. Ke3 b5 54. Kd2 Kf4 55. Bd3 Bc4 56. Bxc4 bxc4 57. Kc2 Kxe5 58. Kb2 Kf4 59. Ka3 e5 60. Ka4 e4 61. Kxa5 e3 0-1


[Site "https://www.chess.com"]

[Event "Titled Tuesday Blitz March 14 Early 2023"]
[White "Liyanage, Ranindu Dilshan"]
[Black "Safin, Robert"]
[WhiteFideId "9915834"]
[BlackFideId "34189120"]
[WhiteElo "2199"]
[BlackElo "2245"]
[Result "1-0"]
[Round "06"]
[TimeControl "180+2"]
[Date "2023.03.14"]
[WhiteClock "0:00:28"]
[BlackClock "0:00:06"]

1. e4 c6 2. d4 d5 3. e5 Bf5 4. h4 h5 5. Bd3 Bxd3 6. Qxd3 Qa5+ 7. Nd2 e6 8. Ne2 Qa6 9. c4 Nd7 10. b3 Ne7 11. O-O Nf5 12. Nf3 dxc4 13. bxc4 Nb6 14. Rb1 O-O-O 15. Bg5 Rd7 16. Rfc1 c5 17. Qe4 cxd4 18. Nexd4 Nxd4 19. Nxd4 Na4 20. Nb5 Nc5 21. Qe2 Be7 22. Bxe7 Rxe7 23. Nd6+ Kb8 24. Rb5 Qc6 25. Rcb1 Rd8 26. Qe3 Rc7 27. Rxc5 Qxc5 28. Rxb7+ Ka8 29. Qf3 Rc6 30. Qxf7 1-0


[Site "https://www.chess.com"]

[Event "Titled Tuesday Blitz March 14 Early 2023"]
[White "Degenbaev, Aziz"]
[Black "Goltsev, Dmitry"]
[WhiteFideId "13802640"]
[BlackFideId "24176710"]
[WhiteElo "2152"]
[BlackElo "2336"]
[Result "1-0"]
[Round "06"]
[TimeControl "180+2"]
[Date "2023.03.14"]
[WhiteClock "0:00:46"]
[BlackClock "0:00:05"]

1. e4 e6 2. d4 d5 3. Nc3 Nf6 4. e5 Ne4 5. Bd3 Nxc3 6. bxc3 c5 7. Nf3 Nc6 8. O-O Qb6 9. a4 Bd7 10. Be3 c4 11. Be2 Be7 12. Nd2 f6 13. exf6 Bxf6 14. f4 O-O 15. Nf3 Be8 16. Kh1 Bg6 17. Ne5 Nxe5 18. fxe5 Bxe5 19. a5 Rxf1+ 20. Qxf1 Qb2 21. dxe5 Qxc3 22. Bc5 Qxc2 23. Bg4 Be4 24. Bxe6+ Kh8 25. Bh3 Qc3 26. e6 Qxh3 27. e7 Qf5 28. Qxf5 Bxf5 29. Rf1 g6 30. g4 c3 31. gxf5 gxf5 32. Bd4+ Kg8 33. Bxc3 Kf7 34. Bb4 Ke6 35. Re1+ Kf6 36. e8=Q 1-0


[Site "https://www.chess.com"]